 Dungeon Crawl Stone Soup version 0.22.0 (webtiles) character file.

1029 iamserjio the Covert (level 8, -1/54 HPs)
             Began as an Octopode Assassin on Aug 11, 2018.
             Was a Follower of Okawaru.
             Slain by a centaur (10 damage)
             ... on level 5 of the Dungeon.
             The game lasted 00:11:25 (6153 turns).

iamserjio the Covert (Octopode Assassin)            Turns: 6153, Time: 00:11:26

Health: -1/54      AC:  1    Str: 10    XL:     8   Next: 23%
Magic:  6/8        EV: 20    Int: 15    God:    Okawaru [*.....]
Gold:   235        SH:  0    Dex: 14    Spells: 7/7 levels left

rFire    . . .     SeeInvis +   m - +1 short sword (speed)
rCold    . . .     Gourm    .   (no shield)
rNeg     . . .     Faith    .   (helmet restricted)
rPois    .         Spirit   .   (no amulet)
rElec    .         Reflect  .   (no ring)
rCorr    .         Harm     .   h - ring of see invisible
MR       .....                  (no ring)
Stlth    ++++++....             (no ring)
HPRegen  0.18/turn              (no ring)
MPRegen  0.11/turn              (no ring)
                                (no ring)
                                (no ring)

@: heroism
A: almost no armour, stealthy swim, amphibious, 8 rings, constrict 8, camouflage
1, gelatinous body 1
a: Heroism, Renounce Religion


You were on level 5 of the Dungeon.
You worshipped Okawaru.
Okawaru was aware of your devotion.
You were not hungry.

You visited 1 branch of the dungeon, and saw 5 of its levels.

You collected 235 gold pieces.

Inventory:

Hand Weapons
 a - a +2 dagger
 b - a +0 blowgun
 m - a +1 short sword of speed (weapon)
 q - a +0 falchion
 s - a cursed -2 dagger
 A - a +0 hunting sling
 C - a +0 dagger of chaos
Missiles
 c - 37 poisoned needles
 d - a curare-tipped needle {!f}
 e - 97 stones (quivered)
 B - a throwing net {!f}
 D - 26 sling bullets
 E - 61 arrows
Jewellery
 h - a ring of see invisible (right tentacle)
 y - an uncursed ring of fire
Scrolls
 i - 4 scrolls of teleportation
 j - 2 scrolls of remove curse {@r2}
 k - a scroll of magic mapping {unknown}
 l - a scroll of blinking {unknown}
 o - 2 scrolls of noise {unknown}
 p - a scroll of fear {unknown}
 u - a scroll of enchant weapon {unknown}
 w - a scroll of enchant armour {unknown}
Potions
 n - 2 potions of curing {@q1}
 r - 2 potions of mutation
 t - 2 potions of lignification
 v - 2 potions of magic {unknown}
 x - a potion of might {unknown}
 z - a potion of agility {unknown}
Comestibles
 f - 9 rations


   Skills:
 + Level 4.7(9.7) Fighting
 - Level 2.5(8.1) Short Blades
 + Level 2.8(8.3) Long Blades
 - Level 2.1(7.1) Throwing
 * Level 6.0(11.0) Dodging
 + Level 8.1(13.1) Stealth


You had 7 spell levels left.
You didn't know any spells.
Your spell library contained the following spells:

 Spells                   Type           Power        Failure   Level  Hunger
 Confuse                  Hex            #.......     63%         3    ####...
 Tukima's Dance           Hex            #.......     63%         3    ####...
 Ensorcelled Hibernation  Hex/Ice        #.....       38%         2    ###....
 Corona                   Hex            #......      26%         1    ##.....
 Dazzling Spray           Conj/Hex       #.....       63%         3    ####...


Dungeon Overview and Level Annotations

Branches:
Dungeon (5/15)             Temple (0/1) D:4

Altars:
Fedhas
Makhleb
Okawaru
Qazlal
Xom


Innate Abilities, Weirdness & Mutations

You cannot wear most types of armour.
You are very stealthy in the water. (Stealth+)
You are amphibious.
You can wear up to eight rings at the same time.
You can use your tentacles to constrict eight enemies at once.
Your skin changes colour to match your surroundings (Stealth+).
Your rubbery body absorbs attacks. (AC +1, EV +1)


Message History

You're too hungry.
You barely miss the centaur. Your squeeze misses the centaur.
The centaur is almost dead.
The centaur hits you!
* * * LOW HITPOINT WARNING * * *
The jackal completely misses you.
You're too hungry.
You eat one of the 10 rations.
That ration really hit the spot!
The centaur hits you.
* * * LOW HITPOINT WARNING * * *
The jackal bites you but does no damage.
The centaur hits you.
* * * LOW HITPOINT WARNING * * *
You gain the combat prowess of a mighty hero.
The jackal misses you. The centaur closely misses you.
The jackal completely misses you.
You closely miss the centaur.
The centaur is almost dead.
The centaur hits you!
You die...

#### ...# #######.#
...#####
#######......)#
>.......
....((.........
'#####....# #.# .#
#....# #.# .# #....#
#.#
.#####....#######h###
.....+....#(...(@c..#
.#####.%..#.#.#####.##
...#........#.##.#.h..
.#.#
#<.....#.#.....###
........?.............
#..#....#.#....#.#....
#.##..#.# ###..# .. #
.......# #....# .#
.####### #)##.# ..


You could see a centaur and a jackal.

Vanquished Creatures
  Sigmund (D:2)
  Edmund (D:4)
  An ice beast (D:4)
  An ogre (D:5)
  A crimson imp (D:4)
  4 hounds (D:4)
  An orc priest (D:4)
  2 orc wizards
  3 centaur skeletons
  Terence (D:2)
  An iguana (D:4)
  3 worker ants (D:4)
  3 gnolls
  4 adders
  3 worms
  5 leopard geckos
  7 orcs
  4 bats
  4 giant cockroaches
  6 goblins
  4 hobgoblins
  12 jackals
  7 kobolds
  A quokka (D:2)
  2 ball pythons
  4 frilled lizards
  A jackal zombie (D:4)
  A leopard gecko skeleton (D:4)
  A quokka skeleton (D:4)
  8 rats
97 creatures vanquished.

Notes
Turn   | Place    | Note
-------+----------+-------------------------------------------
     0 | D:1      | iamserjio the Octopode Assassin began the quest for the Orb.
     0 | D:1      | Reached XP level 1. HP: 14/14 MP: 1/1
   271 | D:1      | Reached XP level 2. HP: 15/19 MP: 2/2
   948 | D:2      | Found a blossoming altar of Fedhas.
   979 | D:2      | Noticed Terence
   994 | D:2      | Killed Terence
   994 | D:2      | Reached XP level 3. HP: 11/25 MP: 3/3
  1000 | D:2      | Noticed Sigmund
  1008 | D:2      | HP: 1/25 [hobgoblin/club (4)]
  1579 | D:2      | Reached XP level 4. HP: 26/30 MP: 4/4
  1642 | D:2      | Killed Sigmund
  1642 | D:2      | Reached skill level 6 in Stealth
  1642 | D:2      | Reached XP level 5. HP: 16/36 MP: 5/5
  2479 | D:3      | Reached XP level 6. HP: 42/42 MP: 6/6
  2718 | D:3      | Found a stormy altar of Qazlal.
  2793 | D:3      | Found an iron altar of Okawaru.
  2803 | D:3      | Became a worshipper of Warmaster Okawaru
  3639 | D:4      | Noticed Edmund
  3654 | D:4      | Killed Edmund
  3654 | D:4      | Reached skill level 1 in Long Blades
  3654 | D:4      | Reached skill level 7 in Stealth
  3654 | D:4      | Reached XP level 7. HP: 32/47 MP: 7/7
  3662 | D:4      | Reached * piety under Okawaru
  4427 | D:4      | Reached skill level 5 in Dodging
  4631 | D:4      | Found a staircase to the Ecumenical Temple.
  5134 | D:4      | Found a shimmering altar of Xom.
  5135 | D:4      | Found a burning altar of Makhleb.
  5295 | D:5      | Entered Level 5 of the Dungeon
  6012 | D:4      | Reached XP level 8. HP: 54/54 MP: 5/8
  6127 | D:5      | Reached skill level 8 in Stealth
  6153 | D:5      | Slain by a centaur

Skill      XL: |  1  2  3  4  5  6  7  8 |
---------------+-------------------------+-----
Dodging        | 2 3 4 5 6 |  6.0
Fighting       | 3 4 |  4.7
Stealth        | 6 7 8 |  8.1
Long Blades    | 1 2 |  2.8
Short Blades   | |  2.5
Throwing       | |  2.1

Action                   |  1- 3 |  4- 6 |  7- 9 || total
-------------------------+-------+-------+-------++-------
Melee: Dagger            |    54 |       |       ||    54
       Constrict         |    11 |    21 |    16 ||    48
       Tentacles         |     8 |    20 |    21 ||    49
       Short sword       |     9 |   104 |   117 ||   230
       Punch             |       |       |     2 ||     2
 Fire: Blowgun           |     5 |     4 |     3 ||    12
Invok: Heroism           |       |       |     4 ||     4
  Use: Scroll            |       |     3 |     2 ||     5
 Stab: Sleeping          |    10 |     5 |     8 ||    23
  Eat: Chunk             |     1 |     7 |     6 ||    14
       Ration            |       |       |     1 ||     1
Armor: Skin              |     3 |     4 |     2 ||     9
Dodge: Dodged            |    25 |    41 |    70 ||   136
